| TOP OF THE 1ST |
|
Round Rock Express batting - Pitching for Buffalo Bisons : LHP Steve Taylor
|
|
Pitching: LHP Steve Taylor
|
|
|
Batting: RHB Zhi-bin Ou-yang
|
0-0: Called Strike 0-1: Ball 1-1: Ball 2-1: Ball 3-1: Called Strike 3-2: Strikes out looking
|
|
Batting: RHB Chris Torlak
|
0-0: Swinging Strike 0-1: Ball 1-1: Ground out 4-3 (Groundball, 34D, EV 101.3 MPH)
|
|
Batting: RHB Andrew Clarke
|
0-0: Called Strike 0-1: SINGLE (Groundball, 34S, EV 68.1 MPH) (infield hit)
|
|
Batting: LHB Jeff Densmore
|
0-0: Swinging Strike 0-1: Swinging Strike 0-2: Foul Ball, location: 2F 0-2: Strikes out swinging
|
| Top of the 1st over - 0 runs, 1 hit, 0 errors, 1 left on base; Round Rock 0 - Buffalo 0 |
| BOTTOM OF THE 1ST |
|
Buffalo Bisons batting - Pitching for Round Rock Express : RHP Ryan Jones
|
|
Pitching: RHP Ryan Jones
|
|
|
Batting: RHB Danny Burnside
|
0-0: Called Strike 0-1: Swinging Strike 0-2: Ball 1-2: SINGLE (Groundball, 34, EV 104.4 MPH) (infield hit)
|
|
Batting: LHB Michael Byrd
|
0-0: Ball Danny Burnside steals 2nd, throwing error, E2 Danny Burnside to third 1-0: Ball 2-0: Ball 3-0: Base on Balls
|
|
Batting: LHB Josh Stuck
|
0-0: Called Strike Michael Byrd steals 2nd, throwing error, E2 Danny Burnside scores Michael Byrd to third 0-1: Foul Ball, location: 2F 0-2: Ball 1-2: Strikes out looking
|
|
Batting: LHB Yoshinari Nara
|
0-0: Called Strike 0-1: Ball 1-1: Ball 2-1: Swinging Strike 2-2: Strikes out swinging
|
|
Batting: RHB Greg Herzig
|
0-0: Ball 1-0: Called Strike 1-1: Ground out 5-3 (Groundball, 5L, EV 87.5 MPH)
|
| Bottom of the 1st over - 1 run, 1 hit, 2 errors, 1 left on base; Round Rock 0 - Buffalo 1 |
| TOP OF THE 2ND |
|
Round Rock Express batting - Pitching for Buffalo Bisons : LHP Steve Taylor
|
|
Batting: RHB Jimmy Hammertime
|
0-0: Called Strike 0-1: Called Strike 0-2: Ball 1-2: Ball 2-2: Ball 3-2: Strikes out swinging
|
|
Batting: SHB David Simpson
|
0-0: Called Strike 0-1: Ground out 5-3 (Groundball, 5S, EV 65.0 MPH)
|
|
Batting: RHB Bobby Keithley
|
0-0: Foul Ball, location: 2F 0-1: Ball 1-1: Foul Ball, location: 2F 1-2: Ball 2-2: Ball 3-2: Ground out 4-3 (Groundball, 4S, EV 83.1 MPH)
|
| Top of the 2nd over - 0 runs, 0 hits, 0 errors, 0 left on base; Round Rock 0 - Buffalo 1 |
| BOTTOM OF THE 2ND |
|
Buffalo Bisons batting - Pitching for Round Rock Express : RHP Ryan Jones
|
|
Batting: SHB Phuck
|
0-0: Ball 1-0: Swinging Strike 1-1: Foul Ball, location: 2F 1-2: Foul Ball, location: 2F 1-2: Foul Ball, location: 2F 1-2: Ball 2-2: Foul Ball, location: 2F 2-2: Ball 3-2: Foul Ball, location: 2F 3-2: Ground out 5-3 (Groundball, 56S, EV 84.4 MPH)
|
|
Batting: RHB Fraco Munoz
|
0-0: Ball 1-0: Ball 2-0: Ground out 5-3 (Groundball, 15, EV 87.5 MPH)
|
|
Batting: RHB Jon Aguilar
|
0-0: Called Strike 0-1: Ball 1-1: Ground out 5-3 (Groundball, 5, EV 111.3 MPH)
|
| Bottom of the 2nd over - 0 runs, 0 hits, 0 errors, 0 left on base; Round Rock 0 - Buffalo 1 |
| TOP OF THE 3RD |
|
Round Rock Express batting - Pitching for Buffalo Bisons : LHP Steve Taylor
|
|
Batting: SHB Johnny Stables
|
0-0: Ball 1-0: Called Strike 1-1: Ball 2-1: Foul Ball, location: 2F 2-2: Fly out, F7 (Flyball, 7LS, EV 83.8 MPH)
|
|
Batting: LHB Pauli Gassinger
|
0-0: SINGLE (Groundball, 4MS, EV 70.6 MPH) (infield hit)
|
|
Batting: RHB Zhi-bin Ou-yang
|
0-0: Ball 1-0: SINGLE (Groundball, 6D, EV 102.5 MPH) Pauli Gassinger to second
|
|
Batting: RHB Chris Torlak
|
0-0: Ball 1-0: Ball Pauli Gassinger steals 3rd base 2-0: Ball 3-0: Foul Ball, location: 2F 3-1: TRIPLE (Line Drive, 89XD, EV 100.6 MPH) Pauli Gassinger scores Zhi-bin Ou-yang scores
|
|
Batting: RHB Andrew Clarke
|
0-0: Swinging Strike 0-1: Ball 1-1: Ball 2-1: Foul Ball, location: 2F 2-2: 2-RUN HOME RUN (Flyball, 89XD, EV 109.4 MPH), Distance : 398 ft
|
|
Batting: LHB Jeff Densmore
|
0-0: Called Strike 0-1: Ball 1-1: Ball 2-1: Ball 3-1: Swinging Strike 3-2: Base on Balls
|
|
Batting: RHB Jimmy Hammertime
|
Pickoff Throw to First - Out! 1-3 0-0: Called Strike 0-1: Swinging Strike 0-2: Strikes out looking
|
| Top of the 3rd over - 4 runs, 4 hits, 0 errors, 0 left on base; Round Rock 4 - Buffalo 1 |
| BOTTOM OF THE 3RD |
|
Buffalo Bisons batting - Pitching for Round Rock Express : RHP Ryan Jones
|
|
Batting: RHB Tony Rosas
|
0-0: Ball 1-0: Ball 2-0: Ball 3-0: Swinging Strike 3-1: Ground out 4-3 (Groundball, 4S, EV 86.9 MPH)
|
|
Batting: RHB Danny Burnside
|
0-0: Ball 1-0: Ball 2-0: Called Strike 2-1: Swinging Strike 2-2: Strikes out swinging
|
|
Batting: LHB Michael Byrd
|
0-0: Ball 1-0: Fly out, F8 (Flyball, 8LD, EV 108.1 MPH)
|
| Bottom of the 3rd over - 0 runs, 0 hits, 0 errors, 0 left on base; Round Rock 4 - Buffalo 1 |
| TOP OF THE 4TH |
|
Round Rock Express batting - Pitching for Buffalo Bisons : LHP Steve Taylor
|
|
Batting: SHB David Simpson
|
0-0: Ground out 3-1 (Groundball, 34S, EV 63.8 MPH)
|
|
Batting: RHB Bobby Keithley
|
0-0: Ball 1-0: Ball 2-0: Foul Ball, location: 2F 2-1: Ball 3-1: Base on Balls
|
|
Batting: SHB Johnny Stables
|
Pickoff Throw to First - Out! 1-3 0-0: Ball 1-0: Called Strike 1-1: Ball 2-1: SOLO HOME RUN (Flyball, 9LD, EV 91.3 MPH), Distance : 338 ft
|
|
Batting: LHB Pauli Gassinger
|
0-0: Ball 1-0: Ball 2-0: SINGLE (Groundball, 34D, EV 110.0 MPH)
|
|
Batting: RHB Zhi-bin Ou-yang
|
0-0: Called Strike 0-1: Swinging Strike Pauli Gassinger steals 2nd base 0-2: SINGLE (Line Drive, 5D, EV 98.8 MPH) Pauli Gassinger to third
|
|
Batting: RHB Chris Torlak
|
0-0: Ball 1-0: Called Strike 1-1: Ground out 4-3 (Groundball, 34, EV 103.1 MPH)
|
| Top of the 4th over - 1 run, 3 hits, 0 errors, 2 left on base; Round Rock 5 - Buffalo 1 |
| BOTTOM OF THE 4TH |
|
Buffalo Bisons batting - Pitching for Round Rock Express : RHP Ryan Jones
|
|
Batting: LHB Josh Stuck
|
0-0: Ball 1-0: SINGLE (Groundball, 4MD, EV 99.4 MPH)
|
|
Batting: LHB Yoshinari Nara
|
0-0: Called Strike Josh Stuck steals 2nd base (no throw) 0-1: Ball 1-1: Ground out U3 (Groundball, 3, EV 107.5 MPH) Josh Stuck to third
|
|
Batting: RHB Greg Herzig
|
0-0: Called Strike 0-1: Ball Wild Pitch! Josh Stuck scores 1-1: Ball 2-1: Ball 3-1: Base on Balls
|
|
Batting: SHB Phuck
|
0-0: Ball Greg Herzig steals 2nd base 1-0: Foul Ball, location: 2F 1-1: Foul Ball, location: 2F 1-2: Foul Ball, location: 2F 1-2: Ball 2-2: Ball 3-2: Foul Ball, location: 2F 3-2: Foul Ball, location: 2F 3-2: Fly out, F7 (Flyball, 7LS, EV 84.4 MPH)
|
|
Batting: RHB Fraco Munoz
|
0-0: Ball 1-0: Foul Ball, location: 2F 1-1: Swinging Strike 1-2: Ball 2-2: Foul Ball, location: 2F 2-2: Foul Ball, location: 2F 2-2: Ball 3-2: Base on Balls
|
|
Batting: RHB Jon Aguilar
|
0-0: Ball 1-0: Called Strike 1-1: Ball 2-1: Ball 3-1: Fielders Choice at 2nd, 6-4 (Groundball, 6, EV 82.5 MPH)
|
| Bottom of the 4th over - 1 run, 1 hit, 0 errors, 2 left on base; Round Rock 5 - Buffalo 2 |
| TOP OF THE 5TH |
|
Round Rock Express batting - Pitching for Buffalo Bisons : LHP Steve Taylor
|
|
Batting: RHB Andrew Clarke
|
0-0: Ground out 6-3 (Groundball, 6, EV 80.0 MPH)
|
|
Batting: LHB Jeff Densmore
|
0-0: Ball 1-0: Ball 2-0: Ball 3-0: Base on Balls
|
|
Batting: RHB Jimmy Hammertime
|
0-0: Ball 1-0: Ball 2-0: Called Strike 2-1: Ball 3-1: Swinging Strike 3-2: Base on Balls Jeff Densmore to second
|
|
Batting: SHB David Simpson
|
0-0: Ball Wild Pitch! Jeff Densmore to third Jimmy Hammertime to second 1-0: Ball 2-0: Ball 3-0: Base on Balls
|
|
Batting: RHB Bobby Keithley
|
0-0: Ball 1-0: Ball 2-0: Ball 3-0: Called Strike 3-1: Called Strike 3-2: Foul Ball, location: 2F 3-2: Foul Ball, location: 2F 3-2: Foul Ball, location: 2F 3-2: Strikes out swinging
|
|
Batting: SHB Johnny Stables
|
0-0: Called Strike 0-1: Fielders Choice at 2nd, 6-4 (Groundball, 6, EV 85.0 MPH)
|
| Top of the 5th over - 0 runs, 0 hits, 0 errors, 3 left on base; Round Rock 5 - Buffalo 2 |
| BOTTOM OF THE 5TH |
|
Buffalo Bisons batting - Pitching for Round Rock Express : RHP Ryan Jones
|
|
Batting: RHB Tony Rosas
|
0-0: Ball 1-0: Ball 2-0: Fly out, F6 (Popup, P, EV 80.6 MPH)
|
|
Batting: RHB Danny Burnside
|
0-0: Ground out 4-3 (Groundball, 4, EV 90.6 MPH)
|
|
Batting: LHB Michael Byrd
|
0-0: Ball 1-0: Called Strike 1-1: Ball 2-1: Foul Ball, location: 2F 2-2: Foul Ball, location: 2F 2-2: Foul Ball, location: 2F 2-2: Foul Ball, location: 2F 2-2: Ground out 5-3 (Groundball, 56, EV 83.8 MPH)
|
| Bottom of the 5th over - 0 runs, 0 hits, 0 errors, 0 left on base; Round Rock 5 - Buffalo 2 |
| TOP OF THE 6TH |
|
Round Rock Express batting - Pitching for Buffalo Bisons : LHP Steve Taylor
|
|
Pitching: RHP Gabe Nalley
|
|
|
Batting: LHB Pauli Gassinger
|
0-0: Called Strike 0-1: Hit by Pitch
|
|
Batting: RHB Zhi-bin Ou-yang
|
0-0: Ball 1-0: Ball 2-0: Ball 3-0: Called Strike 3-1: Grounds into double play, 4-6-3 (Groundball, 4, EV 102.5 MPH)
|
|
Batting: RHB Chris Torlak
|
0-0: Ball 1-0: Swinging Strike 1-1: Swinging Strike 1-2: Strikes out swinging, 2-3 out at first.
|
| Top of the 6th over - 0 runs, 0 hits, 0 errors, 0 left on base; Round Rock 5 - Buffalo 2 |
| BOTTOM OF THE 6TH |
|
Buffalo Bisons batting - Pitching for Round Rock Express : RHP Ryan Jones
|
|
Batting: LHB Josh Stuck
|
0-0: Fly out, F8 (Flyball, 8RM, EV 78.1 MPH)
|
|
Batting: LHB Yoshinari Nara
|
0-0: Ball 1-0: Called Strike 1-1: Ball 2-1: Ball 3-1: Called Strike 3-2: Strikes out looking
|
|
Batting: RHB Greg Herzig
|
0-0: Ball 1-0: Called Strike 1-1: Foul Ball, location: 2F 1-2: Ball 2-2: Ball 3-2: Foul Ball, location: 2F 3-2: Fly out, F9 (Flyball, 9LM, EV 81.3 MPH)
|
| Bottom of the 6th over - 0 runs, 0 hits, 0 errors, 0 left on base; Round Rock 5 - Buffalo 2 |
| TOP OF THE 7TH |
|
Round Rock Express batting - Pitching for Buffalo Bisons : RHP Gabe Nalley
|
|
Batting: RHB Andrew Clarke
|
0-0: Called Strike 0-1: Swinging Strike 0-2: Ball 1-2: Ball 2-2: Foul Ball, location: 2F 2-2: Ball 3-2: Foul Ball, location: 2F 3-2: Fly out, F7 (Flyball, 7D, EV 103.8 MPH)
|
|
Batting: LHB Jeff Densmore
|
0-0: Foul Ball, location: 2F 0-1: Foul Ball, location: 2F 0-2: Strikes out swinging
|
|
Batting: RHB Jimmy Hammertime
|
0-0: SINGLE (Line Drive, 8LS, EV 101.9 MPH)
|
|
Batting: SHB David Simpson
|
0-0: Called Strike 0-1: Ball 1-1: Ball 2-1: Fly out, F4 (Popup, 4S, EV 76.9 MPH)
|
| Top of the 7th over - 0 runs, 1 hit, 0 errors, 1 left on base; Round Rock 5 - Buffalo 2 |
| BOTTOM OF THE 7TH |
|
Buffalo Bisons batting - Pitching for Round Rock Express : RHP Ryan Jones
|
|
Pitching: RHP Luis Guerrero
|
|
|
Batting: SHB Phuck
|
0-0: Swinging Strike 0-1: Swinging Strike 0-2: Ball 1-2: Ball 2-2: Strikes out looking
|
|
Batting: RHB Fraco Munoz
|
0-0: Ball 1-0: Ball 2-0: Swinging Strike 2-1: Fly out, F9 (Flyball, 89S, EV 86.3 MPH)
|
|
Batting: RHB Jon Aguilar
|
0-0: SINGLE (Line Drive, 34D, EV 106.9 MPH)
|
|
Batting: RHB Tony Rosas
|
0-0: Ball Jon Aguilar is caught stealing 2nd base 2-4
|
| Bottom of the 7th over - 0 runs, 1 hit, 0 errors, 0 left on base; Round Rock 5 - Buffalo 2 |
| TOP OF THE 8TH |
|
Round Rock Express batting - Pitching for Buffalo Bisons : RHP Gabe Nalley
|
|
Pitching: RHP Fernando Torres
|
|
|
Batting: RHB Bobby Keithley
|
0-0: Called Strike 0-1: Ground out 3-1 (Groundball, 13, EV 86.3 MPH)
|
|
Batting: SHB Johnny Stables
|
0-0: Ball 1-0: Swinging Strike 1-1: Swinging Strike 1-2: Ground out 4-3 (Groundball, 4, EV 91.9 MPH)
|
|
Batting: LHB Pauli Gassinger
|
0-0: Foul Ball, location: 2F 0-1: Called Strike 0-2: Fly out, F2 (Popup, 13S, EV 80.6 MPH)
|
| Top of the 8th over - 0 runs, 0 hits, 0 errors, 0 left on base; Round Rock 5 - Buffalo 2 |
| BOTTOM OF THE 8TH |
|
Buffalo Bisons batting - Pitching for Round Rock Express : RHP Luis Guerrero
|
|
Pitching: RHP Adam Novak
|
|
|
Batting: RHB Tony Rosas
|
0-0: Foul Ball, location: 2F 0-1: Ball 1-1: Foul Ball, location: 2F 1-2: Ball 2-2: Ball 3-2: Fly out, F6 (Flyball, 6D, EV 71.9 MPH)
|
|
Batting: RHB Danny Burnside
|
0-0: SINGLE (Groundball, 4M, EV 103.8 MPH) (infield hit)
|
|
Batting: LHB Michael Byrd
|
0-0: Called Strike 0-1: Ball 1-1: Ball 2-1: Called Strike 2-2: Foul Ball, location: 2F 2-2: Foul Ball, location: 2F 2-2: DOUBLE (Groundball, 3L, EV 101.9 MPH) Danny Burnside to third
|
|
Pitching: LHP Dennis French
|
|
|
Batting: LHB Josh Stuck
|
0-0: DOUBLE (Line Drive, 78D, EV 110.6 MPH) Danny Burnside scores Michael Byrd scores
|
|
Batting: RHB John Loving
|
0-0: Swinging Strike 0-1: Called Strike 0-2: Ball 1-2: Ball 2-2: Foul Ball, location: 2F 2-2: Ball 3-2: Strikes out swinging
|
|
Pitching: LHP Corbett Sweet
|
|
|
Batting: RHB Greg Herzig
|
0-0: Called Strike 0-1: Ball 1-1: Swinging Strike 1-2: DOUBLE (Flyball, 89D, EV 90.6 MPH) Josh Stuck scores
|
|
Batting: SHB Phuck
|
0-0: Ball 1-0: Ball 2-0: Called Strike 2-1: Ball 3-1: Base on Balls
|
|
Batting: RHB Fraco Munoz
|
0-0: Swinging Strike 0-1: Swinging Strike 0-2: Ball 1-2: Foul Ball, location: 2F 1-2: Fly out, F8 (Line Drive, 8RM, EV 84.4 MPH)
|
| Bottom of the 8th over - 3 runs, 4 hits, 0 errors, 2 left on base; Round Rock 5 - Buffalo 5 |
| TOP OF THE 9TH |
|
Round Rock Express batting - Pitching for Buffalo Bisons : RHP Fernando Torres
|
|
Batting: RHB Zhi-bin Ou-yang
|
0-0: Ball 1-0: Called Strike 1-1: Ground out 5-3 (Groundball, 56S, EV 81.3 MPH)
|
|
Batting: RHB Chris Torlak
|
0-0: Ball 1-0: Called Strike 1-1: Ball 2-1: SINGLE (Flyball, 7S, EV 91.9 MPH)
|
|
Batting: RHB Andrew Clarke
|
0-0: Called Strike Chris Torlak steals 2nd base 0-1: Ball 1-1: Called Strike 1-2: Ball 2-2: Ball 3-2: Base on Balls
|
|
Batting: LHB Jeff Densmore
|
0-0: Ball 1-0: Fielders Choice at 2nd, 6-4 (Groundball, 6, EV 81.9 MPH) Chris Torlak to third
|
|
Batting: RHB Jimmy Hammertime
|
0-0: Reached on error, E6 (Groundball, 6, EV 103.1 MPH) Chris Torlak scores Jeff Densmore to second
|
|
Batting: SHB David Simpson
|
0-0: Ball 1-0: Ball 2-0: 3-RUN HOME RUN (Flyball, 9D, EV 96.9 MPH), Distance : 379 ft
|
|
Pitching: RHP Gilberto Dominguez
|
|
|
Batting: RHB Bobby Keithley
|
0-0: Ball 1-0: Ball 2-0: Ball 3-0: Base on Balls
|
|
Batting: SHB Johnny Stables
|
0-0: Called Strike Bobby Keithley steals 2nd base 0-1: Foul Ball, location: 2F 0-2: Foul Ball, location: 2F 0-2: SINGLE (Groundball, 6, EV 95.0 MPH) Bobby Keithley to third
|
|
Batting: LHB Pauli Gassinger
|
0-0: Called Strike 0-1: Called Strike 0-2: Ball 1-2: Foul Ball, location: 2F 1-2: Foul Ball, location: 2F 1-2: Ball 2-2: Fly out, F9 (Flyball, 9, EV 76.3 MPH)
|
| Top of the 9th over - 4 runs, 3 hits, 1 error, 2 left on base; Round Rock 9 - Buffalo 5 |
| BOTTOM OF THE 9TH |
|
Buffalo Bisons batting - Pitching for Round Rock Express : LHP Corbett Sweet
|
|
Batting: RHB Jon Aguilar
|
0-0: Ground out 5-3 (Groundball, 56, EV 89.4 MPH)
|
|
Batting: RHB Tony Rosas
|
0-0: Ball 1-0: Called Strike 1-1: Swinging Strike 1-2: Ground out 1-3 (Groundball, 15, EV 74.4 MPH)
|
|
Batting: RHB Danny Burnside
|
0-0: Fly out, F9 (Flyball, 9LM, EV 96.3 MPH)
|
| Bottom of the 9th over - 0 runs, 0 hits, 0 errors, 0 left on base; Round Rock 9 - Buffalo 5 |
|